 Dungeon Crawl Stone Soup version 0.31.0-1-g2c135a008e (webtiles) character file.

Game seed: 12025730370354657291

70 qw the Shooter (level 4, -1/35 HPs)
             Began as a Djinni Hunter on Jan 23, 2024.
             Slain by a goblin
             ... wielding a +0 club
             ... led by Robin
              (2 damage)
             ... on level 2 of the Dungeon.
             The game lasted 00:00:03 (909 turns).

qw the Shooter (Djinni Hunter)                       Turns: 909, Time: 00:00:04

Health: -1/35      AC:  3    Str: 10    XL:     4   Next: 44%
Gold:   75         EV: 12    Int: 11    God:
                   SH:  0    Dex: 18

rFire   + + .        a - +0 shortbow
rCold   . . .        (shield currently unavailable)
rNeg    . . .        c - +0 leather armour
rPois   inf          (no helmet)
rElec   .            (no cloak)
rCorr   .            (no gloves)
SInv    .            (boots unavailable)
Will    .....        h - amulet of regeneration
Stlth   ++           (no ring)
HPRegen 1.05/turn    g - ring of protection from cold
MPRegen 0.00/turn

%: infuse magic (-2 HP)
@: flying
A: sickness immunity, fire resistance 2, cold vulnerability 1, float, innate
caster, HP casting, extra vitality 1
a: no special abilities


You were on level 2 of the Dungeon.
You visited 1 branch of the dungeon, and saw 2 of its levels.

You collected 75 gold pieces.


Innate Abilities, Weirdness & Mutations

You are immune to sickness and miasma.
You are immune to poison.
Your flesh is very heat resistant. (rF++)
You are vulnerable to cold. (rC-)
You float through the air rather than walking.
You learn spells naturally, not from books.
Your magical power is your life essence.
You have superior vitality. (+4 MHP)


   Skills:
 - Level 3.0 Fighting
 - Level 4.0 Ranged Weapons
 + Level 2.8 Dodging
 - Level 0.7 Stealth


You knew the following spells:

 Your Spells              Type           Power      Damage    Failure   Level
a - Magic Dart            Conj           0%         1d3       43%         1
Your spell library was empty.

Inventory:

Hand Weapons
 a - a +0 shortbow (weapon)
Armour
 c - a +0 leather armour (worn)
 d - a +0 ring mail
Jewellery
 e - a ring of ice
 g - a ring of protection from cold (right hand)
 h - an amulet of regeneration (around neck)
Potions
 b - a potion of enlightenment {unknown}
 f - a potion of might {unknown}

Dungeon Overview and Level Annotations

Branches:
Dungeon (2/15)

Altars:


Message History

The goblin is severely wounded.
The hobgoblin hits you but does no damage. x2
The goblin hits you with a +0 dagger.
You shoot an arrow.
The arrow hits the goblin but does no damage.
The goblin is severely wounded.
The hobgoblin closely misses you. The hobgoblin barely misses you.
The goblin misses you.
You shoot an arrow. The arrow completely misses the goblin.
The hobgoblin closely misses you. The hobgoblin hits you.
The goblin hits you but does no damage.
You shoot an arrow.
The arrow hits the goblin but does no damage.
The goblin is severely wounded.
The hobgoblin hits you. The goblin hits you but does no damage.
The hobgoblin hits you but does no damage.
The hobgoblin hits you.
The hobgoblin hits you but does no damage.
The goblin hits you with a +0 dagger.
You shoot an arrow. The arrow closely misses the goblin.
The hobgoblin misses you. x2; The goblin barely misses you.
You shoot an arrow. The arrow hits the goblin!
You kill the goblin!
The hobgoblin closely misses you. The hobgoblin hits you.
You shoot an arrow. The arrow hits the hobgoblin.
You kill the hobgoblin!
The hobgoblin barely misses you.
You shoot an arrow.
The arrow hits the hobgoblin but does no damage.
The hobgoblin hits you. x2
You shoot an arrow. The arrow barely misses the hobgoblin.
The arrow barely misses the goblin.
The hobgoblin hits you. The hobgoblin misses you. The hobgoblin hits you. x2
You shoot an arrow. The arrow hits the hobgoblin.
You kill the hobgoblin!
The hobgoblin hits you.
You shoot an arrow. The arrow closely misses the goblin.
A hobgoblin comes into view.
The hobgoblin hits you. The goblin hits you with a +0 club.
You die...

##### ....# #######.#.#
.....g#.#.# ....gggg#.#
#@#.########
#)).........
#.#.######.# #...# ##
#.### #. #.# #.
.##########.# #.#####
............# #.....#
##...#.############<...#


You could see 3 hobgoblins and 2 goblins.

Vanquished Creatures
  Robin (D:2)
  A gnoll (D:1)
  2 adders (D:2)
  2 ball pythons
  A bat (D:1)
  3 endoplasms
  A giant cockroach (D:1)
  4 goblins
  4 hobgoblins
  2 jackals (D:1)
  2 frilled lizards (D:1)
  2 kobolds
  4 rats
29 creatures vanquished.

Notes
Turn   | Place    | Note
-------+----------+-------------------------------------------
     0 | D:1      | qw the Djinni Hunter began the quest for the Orb.
     0 | D:1      | Reached XP level 1. HP: 18/18 MP: 0/0
     0 | D:1      | 0 ||| qw: Version: 0.3-a-135-gb77e89d
     0 | D:1      | 0 ||| qw: Game counter: 905
     0 | D:1      | 0 ||| qw: Melee chars always use a shield: true
     0 | D:1      | 0 ||| qw: God list: Okawaru
     0 | D:1      | 0 ||| qw: Allow faded altars: false
     0 | D:1      | 0 ||| qw: Do Orc after clearing Dungeon:15 true
     0 | D:1      | 0 ||| qw: Do second Lair branch before Depths: true
     0 | D:1      | 0 ||| qw: Lair rune preference: random
     0 | D:1      | 0 ||| qw: Goals: Normal
     0 | D:1      | 0 ||| PLANNING D:1-11
   130 | D:1      | 130 ||| RETREEEEATING.
   134 | D:1      | 134 ||| RETREEEEATING.
   136 | D:1      | Reached XP level 2. HP: 6/23 MP: 0/0
   137 | D:1      | HP: 5/23 [bat (1)]
   231 | D:1      | Reached XP level 3. HP: 28/28 MP: 0/0
   231 | D:1      | Learned a level 1 spell: Magic Dart
   233 | D:1      | Reached skill level 4 in Ranged Weapons
   701 | D:1      | 701 ||| UPGRADING to amulet of regeneration.
   706 | D:1      | 706 ||| UPGRADING to ring of ice.
   707 | D:1      | 707 ||| UPGRADING to ring of protection from cold.
   708 | D:1      | 708 ||| REMOVING ring of ice.
   709 | D:1      | 709 ||| READING scroll labelled GEANUOSSES.
   709 | D:1      | 709 ||| IDENTIFYING silvery potion
   710 | D:1      | 710 ||| DROPPING scroll of butterflies.
   711 | D:1      | 711 ||| DROPPING potion of invisibility.
   847 | D:2      | Reached skill level 3 in Fighting
   847 | D:2      | Reached XP level 4. HP: 35/35 MP: 0/0
   883 | D:2      | Noticed Robin
   893 | D:2      | Killed Robin
   907 | D:2      | HP: 8/35 [hobgoblin (2)]
   908 | D:2      | HP: 2/35 [hobgoblin (4)]
   909 | D:2      | Slain by a goblin

Levels and vault maps discovered:
D:1:      heliophobic_arrival_dark_side_of_the_moon, layout_loops_ring,
          chequers_jeans, nicolae_grassy_gnolls
D:2:      layout_rooms, minivault_25, grunt_ministairs_3, dk_noncrumbling_4,
          supply_closet_lemuel, hangedman_decor_points, hangedman_decor_push,
          uniq_robin

Skill      XL: |  1  2  3 |
---------------+----------+-----
Ranged Weapons | 4 |  4.0
Fighting       | 3 |  3.0
Dodging        | |  2.8
Stealth        | |  0.7

Action                     |  1- 3 |  4- 6 || total
---------------------------+-------+-------++-------
   Fire: Shortbow          |    53 |    28 ||    81
    Use: Scroll            |     1 |       ||     1
 Armour: Leather armour    |    19 |    44 ||    63
  Dodge: Dodged            |    11 |    36 ||    47

Table legend:
 A = Non-vault XP
 B = Vault XP
 C = Vault XP percentage of total XP
 D = Non-vault monster count
 E = Vault monster count
 F = Vault count percentage of total count
                 A         B        C        D         E       F
            +---------+---------+-------+---------+---------+-------
      Total |      59 |      41 |  41.0 |      22 |       7 |  24.1
            +---------+---------+-------+---------+---------+-------
        D:1 |      25 |      15 |  37.5 |      15 |       1 |   6.2
        D:2 |      34 |      26 |  43.3 |       7 |       6 |  46.2
            +---------+---------+-------+---------+---------+-------
